Map: Ulrena

Players

capac

  • Race: Terran Terran
  • League: Gold

Dworak - Winner!

  • Race: Protoss Protoss
  • League: Gold

VOD

Have the link to the VOD?

Description

Time

  • Played on: April 26, 2016, 5:08 p.m.
  • Length: 15:03
Show
View Real Time Build Order
Export as new Build Order

capac Terran 

Build Orders: Reaper Expand 

Get SALT Encoding   

  12  0:02  SCV  
  13  0:14  SCV  
  13  0:18  Supply Depot  
  14  0:26  SCV  
  15  0:40  SCV  
  15  0:41  Barracks  
  16  0:45  Refinery  
  16  0:54  SCV  
  17  1:06  SCV  
  18  1:18  SCV  
  19  1:29  Reaper  
  19  1:31  Orbital Command  
  19  1:46  Command Center  
  19  1:59  SCV  
  20  2:02  Supply Depot  
  20  2:11  SCV  
  20  2:13  Factory  
  21  2:23  SCV  
  22  2:31  Reaper  
  23  2:47  SCV  
  24  2:59  SCV  
  24  3:04  Marine  
  26  3:15  Factory Tech Lab  
  26  3:16  Starport  
  26  3:17  Refinery  
  26  3:22  Marine  
  27  3:38  Orbital Command  
  27  3:39  Marine  
  27  3:41  Command Center  
  28  3:43  SCV  
  28  3:54  Bunker  
  28  3:57  Marine  
  29  4:04  Medivac  
  28  4:20  Marine  
  28  4:21  Siege Tank  
  29  4:38  Marine, SCV  
  28  4:56  Starport Reactor  
  28  5:24  SCV x2  
  30  5:30  Supply Depot  
  30  5:39  Barracks Tech Lab  
  30  5:46  Liberator  
  29  6:01  Marine  
  33  6:06  Siege Tank  
  36  6:18  Barracks  
  36  6:19  Marine  
  37  6:37  Marine  
  38  6:42  Orbital Command  
  38  6:43  Siege Tank  
  41  6:49  Barracks  
  41  6:50  Barracks, Orbital Command  
  41  6:55  SCV  
  42  7:24  Stimpack  
  42  7:26  Barracks Tech Lab  
  42  7:29  SCV  
  44  7:34  Liberator  
  43  7:53  Orbital Command  
  46  8:01  Siege Tank  
  46  8:03  Marine x4  
  53  8:21  Marine  
  54  8:32  SCV x2  
  54  8:33  SCV  
  54  8:34  Starport  
  57  8:44  SCV x2  
  57  8:45  SCV  
  57  8:46  Barracks Reactor  
  57  8:47  Barracks Reactor  
  60  8:56  SCV  
  60  9:00  Refinery  
  60  9:02  Refinery  
  61  9:16  Combat Shields  
  54  9:48  SCV x3  
  57  9:54  Starport Tech Lab  
  57  10:00  Marine, SCV x3  
  61  10:13  Marine x5  
  66  10:18  Marine  
  67  10:31  Marine x3  
  70  10:39  Orbital Command  
  70  10:41  Medivac x2  
  63  10:59  Engineering Bay  
  63  11:06  Marine  
  63  11:07  Marine x3  
  63  11:08  Marine x2  
  63  11:09  Medivac  
  71  11:15  Starport  
  59  11:54  Missile Turret  
  59  11:57  Marine x4  
  59  11:59  Marauder x2  
  67  12:01  Starport Reactor  
  67  12:10  SCV  
  67  12:11  Supply Depot, SCV x2  
  67  12:14  Marine  
  67  12:15  Marine x3  
  73  12:20  Marine x2  
  76  12:32  Marine x2  
  76  12:33  Marine x2  
  80  12:38  Marine x2  
  82  12:50  Marine  
  82  12:55  Liberator x2  
  85  13:17  Liberator  
  85  13:26  Supply Depot  
  85  13:27  Supply Depot  
  85  13:31  Liberator  
  85  13:35  SCV x2  
  93  13:47  Marine x6  
  93  13:48  SCV x2  
  103  14:00  SCV  
  91  14:32  Marine  
  91  14:33  Marine x5  
Show
View Real Time Build Order
Export as new Build Order

Dworak Protoss - Winner!

Build Orders: Nexus First 

Get SALT Encoding   

  12  0:01  Probe (Chrono Boost)  
  13  0:11  Probe (Chrono Boost)  
  14  0:22  Probe (Chrono Boost)  
  15  0:29  Pylon  
  15  0:55  Nexus  
  15  1:12  Probe (Chrono Boost)  
  15  1:14  Gateway  
  16  1:26  Assimilator  
  16  1:28  Assimilator  
  16  1:50  Pylon  
  16  1:52  Probe (Chrono Boost)  
  17  1:55  Pylon  
  17  2:03  Probe (Chrono Boost)  
  18  2:09  Pylon  
  18  2:14  Probe (Chrono Boost), Cybernetics Core  
  19  2:21  Zealot (Chrono Boost)  
  20  2:49  Mothership Core  
  21  3:05  Warp Gate (Chrono Boost)  
  20  3:10  Adept (Chrono Boost)  
  22  3:16  Gateway  
  22  3:29  Gateway  
  22  3:35  Probe  
  23  3:42  Adept (Chrono Boost)  
  23  3:47  Probe  
  26  3:52  Probe  
  27  3:59  Probe  
  28  4:03  Adept  
  28  4:04  Probe  
  27  4:46  Probe  
  28  4:58  Probe  
  29  5:05  Probe  
  30  5:10  Probe  
  31  5:15  Twilight Council  
  31  5:17  Probe, Pylon  
  31  5:19  Pylon  
  31  5:20  Adept x3  
  38  5:22  Probe  
  39  5:28  Assimilator  
  39  5:29  Probe  
  39  5:30  Assimilator  
  39  5:34  Probe  
  41  5:41  Probe  
  41  5:42  Gateway  
  42  5:46  Probe  
  43  5:54  Probe  
  44  6:01  Stalker x3  
  50  6:09  Probe  
  51  6:17  Gateway  
  51  6:21  Probe  
  52  6:33  Probe  
  53  6:45  Probe  
  54  6:48  Robotics Facility  
  54  6:52  Robotics Facility  
  54  6:57  Probe  
  55  7:09  Probe  
  55  7:15  Pylon  
  56  7:18  Nexus  
  56  7:20  Pylon  
  56  7:21  Probe, Pylon  
  57  7:24  Pylon x2  
  57  7:26  Sentry  
  57  7:27  Sentry  
  61  7:33  Probe  
  60  7:57  Stargate, Warp Prism  
  60  7:58  Immortal  
  66  8:09  Stalker x3  
  66  8:10  Forge  
  72  8:16  Probe  
  73  8:23  Dark Shrine  
  73  8:28  Probe  
  73  8:30  Probe  
  75  8:40  Probe  
  75  8:41  Probe  
  77  8:49  Pylon  
  77  8:50  Pylon  
  77  8:52  Probe, Pylon  
  77  8:55  Phoenix  
  80  8:58  Gateway  
  80  9:02  Protoss Ground Weapons Level 1  
  80  9:03  Probe  
  80  9:08  Assimilator  
  81  9:10  Assimilator  
  81  9:20  Phoenix  
  83  9:45  Void Ray  
  87  9:54  Probe  
  88  10:05  Probe  
  89  10:14  Dark Templar x2  
  89  10:15  Dark Templar x3, Gateway x2  
  89  10:16  Probe  
  89  10:17  Gateway  
  89  10:20  Gateway  
  100  10:22  Gateway  
  100  10:26  Probe  
  101  10:37  Probe  
  101  10:39  Immortal x2  
  110  10:47  Probe  
  107  10:54  Dark Templar x4  
  107  10:55  Dark Templar x2  
  113  10:58  Probe  
  114  11:08  Probe  
  115  11:19  Probe  
  104  11:57  Templar Archives  
  104  11:58  Immortal x2  
  104  12:00  Zealot x3  
  104  12:01  Zealot  
  120  12:02  Zealot x2  
  120  12:06  Charge (Chrono Boost)  
  124  12:27  Nexus  
  124  12:30  Pylon  
  124  12:31  Pylon  
  124  12:34  Pylon  
  124  12:35  Void Ray  
  124  12:36  Protoss Shields Level 1, Pylon  
  128  12:38  Assimilator  
  128  12:43  Assimilator  
  120  13:17  Void Ray  
  124  13:30  High Templar x5  
  124  13:31  High Templar x5  
  144  13:35  Archon x2  
  144  13:36  Archon x3  
  144  13:43  Zealot  
  146  14:00  Void Ray  
  133  14:37  Dark Templar x5  
  129  14:39  High Templar x3  
Tags
 
Add a new tag
Caveats
  • Supply blocks, unpowered buildings, or Contaminate may cause inaccurate times.
  • Supply counts are checked every 10 seconds.